 Dungeon Crawl Stone Soup version 0.21-a0-1-gaf3b9a5 (webtiles) character file.

273 Gorglomux the Skirmisher (level 6, -6/63 HPs)
             Began as an Ogre Ice Elementalist on May 20, 2017.
             Was a Follower of Cheibriados.
             Mangled by a gnoll
             ... wielding a +0 flail
              (13 damage)
             ... on level 3 of the Dungeon.
             The game lasted 00:03:51 (3178 turns).

Gorglomux the Skirmisher (Ogre Ice Elementalist)    Turns: 3178, Time: 00:03:52

Health: -6/63      AC:  3    Str: 15    XL:     6   Next: 23%
Magic:  2/12       EV: 10    Int: 20    God:    Cheibriados [*.....]
Gold:   176        SH:  0    Dex: 11    Spells: 6/13 levels left

rFire    . . .     SeeInvis .   w - +0 trident
rCold    . . .     Gourm    .   (no shield)
rNeg     . . .     Faith    .   a - +0 robe
rPois    .         Spirit   .   (helmet restricted)
rElec    .         Reflect  .   (no cloak)
rCorr    .         Harm     .   (gloves unavailable)
MR       .....                  (boots unavailable)
Stlth    ++........             (no amulet)
Regen    0.2/turn               (no ring)
MPRegen  0.2/turn               (no ring)

@: very slightly contaminated, very slow
A: unfitting armour, tough skin 1
a: Bend Time, Renounce Religion


You were on level 3 of the Dungeon.
You worshipped Cheibriados.
Cheibriados was aware of your devotion.
You were hungry.

You visited 1 branch of the dungeon, and saw 3 of its levels.

You collected 176 gold pieces.

Inventory:

Hand Weapons
 d - a +0 dagger
   (You found it on level 1 of the Dungeon)
 v - a +0 spear
   (You took it off a gnoll on level 3 of the Dungeon)
 w - a +0 trident (weapon)
   (You took it off an orc on level 3 of the Dungeon)
Armour
 a - a +0 robe (worn)
Scrolls
 e - 2 scrolls of teleportation
 f - 2 scrolls of enchant weapon {unknown}
 g - 2 scrolls of enchant armour {unknown}
 h - a scroll of blinking {unknown}
 i - 4 scrolls of identify
 j - a scroll of noise {unknown}
 o - a scroll of immolation {unknown}
 p - 2 scrolls of magic mapping {unknown}
 q - 2 scrolls of remove curse {unknown}
 s - 2 scrolls of fog {unknown}
 y - a scroll of fear {unknown}
Potions
 k - 2 potions of brilliance {unknown}
 l - a potion of ambrosia
 u - a potion of cancellation {unknown}
 x - a potion of heal wounds {unknown}
Books
 b - a book of Frost
Comestibles
 c - a bread ration {@e1}
 m - a meat ration {@e2}
 n - a royal jelly
 t - 5 chunks of flesh {@w0}


   Skills:
 + Level 4.6 Fighting
 - Level 1.7 Dodging
 - Level 1.4 Stealth
 + Level 4.4 Spellcasting
 - Level 1.1 Conjurations
 + Level 0.6 Summonings
 + Level 3.8 Ice Magic


You had 6 spell levels left.
You knew the following spells:

 Your Spells              Type           Power        Failure   Level  Hunger
a - Freeze                Ice            ###.         2%          1    None
b - Summon Ice Beast      Ice/Summ       ##......     43%         4    ####...
x - Throw Frost           Conj/Ice       ##....       7%          2    #......


Dungeon Overview and Level Annotations

Branches:
Dungeon (3/15)

Altars:
Cheibriados
Qazlal
Sif Muna
Trog
Vehumet


Innate Abilities, Weirdness & Mutations

You are too large for most types of armour.
You have tough skin. (AC +1)


Message History

Cheibriados appreciates the change of pace.
Cheibriados slows and strengthens your metabolism.
Cheibriados raises the support of your attributes as your movement slows.
The hobgoblin hits you but does no damage.
Aim: a hobgoblin, wielding a club You freeze the hobgoblin.
The hobgoblin barely misses you.
Aim: a hobgoblin, wielding a club (severely wounded)
You freeze the hobgoblin.
You kill the hobgoblin!
Cheibriados appreciates the change of pace.
You can't see any susceptible monsters within range! (Use Z to cast anyway.) Unknown command.
You can't see any susceptible monsters within range! (Use Z to cast anyway.) Unknown command.
Things that are here:
an uncursed hunting sling; 6 stones; a goblin corpse You butcher the goblin corpse.
t - a chunk of flesh {@w0}
Things that are here:
an uncursed hunting sling; 6 stones There isn't anything to butcher here.
Things that are here:
a club; a hobgoblin corpse You butcher the hobgoblin corpse.
t - 5 chunks of flesh {@w0} (gained 4)
You see here a club.
A gnoll comes into view.
A gnoll is nearby!
A gnoll is nearby!
A gnoll is nearby!
A gnoll is nearby!
The gnoll shouts!
A gnoll comes into view. It is wielding a spear.
A gnoll comes into view.
The gnoll shouts!
The gnoll hits you.
A gnoll and a gnoll sergeant come into view.
You barely miss the gnoll.
The gnoll sergeant shouts!
The gnoll misses you.
A gnoll comes into view. It is wielding a flail.
Unknown command.
Aim: a gnoll You freeze the gnoll.
The gnoll shouts! x2
The gnoll barely misses you.
You miscast Summon Ice Beast.
You are very lightly contaminated with residual magic.
The world appears momentarily distorted.
You are feeling hungry.
The gnoll hits you. A chill wind blows around you. The gnoll hits you.
Unknown command.
You barely miss the gnoll. The gnoll hits you.
Your ice beast misses the gnoll.
The gnoll hits your ice beast with a whip.
You barely miss the gnoll. The gnoll closely misses you.
Your ice beast hits the gnoll.
Your ice beast freezes the gnoll!
The gnoll dies!
Cheibriados appreciates the change of pace.
Aim: a gnoll, wielding a flail You miscast Freeze.
Nothing appears to happen.
The gnoll hits you with a whip.
Your ice beast hits the gnoll.
Your ice beast freezes the gnoll.
Unknown command.
Aim: a gnoll, wielding a flail You freeze the gnoll.
The gnoll hits you but does no damage.
The gnoll sergeant hits you from afar with a trident!
Your ice beast hits the gnoll but does no damage.
The gnoll hits you with a whip.
Aim: a gnoll, wielding a whip (severely wounded)
You freeze the gnoll. The gnoll barely misses you.
The gnoll sergeant hits you from afar with a trident!
Your ice beast hits the gnoll.
The gnoll dies!
Cheibriados appreciates the change of pace.
The gnoll sergeant hits your ice beast with a trident.
The gnoll sergeant blocks your ice beast's attack.
Your ice beast hits the gnoll sergeant but does no damage.
The gnoll sergeant hits your ice beast with a trident.
The gnoll sergeant blocks your ice beast's attack.
The gnoll closely misses you.
The gnoll hits you from afar with a spear.
The gnoll closely misses you.
The gnoll sergeant blocks your ice beast's attack.
The gnoll hits you.
* * * LOW HITPOINT WARNING * * *
Your ice beast hits the gnoll sergeant.
Your ice beast freezes the gnoll sergeant.
The gnoll hits you with a flail!
* * * LOW HITPOINT WARNING * * *
As you read the scroll labeled NOVUSTR WOREMOI, it crumbles to dust.
It is a scroll of identify.
e - 2 scrolls of teleportation The gnoll hits you with a flail!
* * * LOW HITPOINT WARNING * * *
You feel better.
The gnoll sergeant hits you from afar with a trident!
* * * LOW HITPOINT WARNING * * *
The gnoll hits you with a flail!
You die...

≈...###.....##.....##......#
^..#.#.####.####.####...##.#
..###.## ##............## .#
≈.# #.# #..)..#####...# #
..# #.# #...Y.# #.... ..#
#.# #.....# ###.
≈.###.####...Y.#
≈.............g#######.#
≈...#########.gg@......#
#...# ############ ##.## #.#
#.# ##.# ...# .### .#


You could see a gnoll sergeant, 2 gnolls and a friendly ice beast.

Vanquished Creatures
  Sigmund (D:2)
  3 gnolls (D:3)
  2 adders
  An ooze (D:2)
  2 worms (D:3)
  9 orcs (D:3)
  A giant cockroach (D:3)
  3 goblins
  8 hobgoblins
  2 jackals (D:2)
  A quokka (D:3)
  6 bats
  2 frilled lizards
  5 kobolds
  4 rats
50 creatures vanquished.

Vanquished Creatures (collateral kills)
  2 gnolls (D:3)
2 creatures vanquished.

Grand Total: 52 creatures vanquished

Notes
Turn   | Place    | Note
-------+----------+-------------------------------------------
     0 | D:1      | Gorglomux the Ogre Ice Elementalist began the quest for the Orb.
     0 | D:1      | Reached XP level 1. HP: 16/16 MP: 3/3
   272 | D:1      | Reached skill level 1 in Fighting
   443 | D:1      | Reached XP level 2. HP: 13/28 MP: 0/5
   455 | D:1      | HP: 7/28 [poisoned by an adder]
   462 | D:1      | HP: 6/28 [poisoned by an adder]
   470 | D:1      | HP: 5/28 [poisoned by an adder]
  1150 | D:1      | Reached skill level 2 in Fighting
  1333 | D:2      | Noticed Sigmund
  1338 | D:2      | Learned a level 2 spell: Throw Frost
  1363 | D:2      | Killed Sigmund
  1363 | D:2      | Reached skill level 3 in Fighting
  1363 | D:2      | Reached skill level 4 in Spellcasting
  1363 | D:2      | Reached skill level 3 in Ice Magic
  1363 | D:2      | Reached XP level 3. HP: 31/39 MP: 1/8
  1363 | D:2      | Reached XP level 4. HP: 38/48 MP: 1/10
  1363 | D:2      | Reached XP level 5. HP: 43/54 MP: 1/11
  1643 | D:2      | Reached skill level 1 in Conjurations
  1769 | D:2      | Found a bloodstained altar of Trog.
  2047 | D:2      | Found a deep blue altar of Sif Muna.
  2083 | D:3      | Found a snail-covered altar of Cheibriados.
  2115 | D:3      | Became a worshipper of Cheibriados the Contemplative
  2132 | D:3      | Reached skill level 4 in Fighting
  2162 | D:3      | Learned a level 4 spell: Summon Ice Beast
  2167 | D:3      | Found a stormy altar of Qazlal.
  2439 | D:3      | Found a radiant altar of Vehumet.
  2461 | D:3      | Reached XP level 6. HP: 55/63 MP: 12/12
  3132 | D:3      | Reached * piety under Cheibriados
  3176 | D:3      | HP: 9/63 [gnoll/flail (9)]
  3177 | D:3      | HP: 2/63 [gnoll/flail (7)]
  3178 | D:3      | Mangled by a gnoll

Vault maps used:
D:1:      tarquinn_simple_flora_water_d
D:2:      lightli_temple_of_fire, lemuel_blue_sif_altar, uniq_sigmund
D:3:      grunt_qazlal_sundering, old_standard_altar, fiery_altar_vehumet,
          minmay_quantized

Skill      XL: |  1  2  3  4  5 |
---------------+----------------+-----
Fighting       | 1 3 4 |  4.6
Spellcasting   | 4 |  4.4
Ice Magic      | 3 |  3.8
Conjurations   | 1 |  1.1
Dodging        | |  1.7
Stealth        | |  1.4
Summonings     | |  0.6

Action                   |  1- 3 |  4- 6 || total
-------------------------+-------+-------++-------
Melee: Dagger            |    20 |    23 ||    43
       Spear             |       |    11 ||    11
       Trident           |       |    26 ||    26
 Cast: Freeze            |    23 |    53 ||    76
       Throw Frost       |     2 |     5 ||     7
       Summon Ice Beast  |       |     1 ||     1
  Use: Potion            |     2 |     1 ||     3
       Scroll            |       |     1 ||     1
 Stab: Sleeping          |       |     1 ||     1
  Eat: Chunk             |     1 |     6 ||     7
Armor: Robe              |     7 |    19 ||    26
Dodge: Dodged            |    23 |    59 ||    82

Vault maps used:
D:1:      tarquinn_simple_flora_water_d
D:2:      lightli_temple_of_fire, lemuel_blue_sif_altar, uniq_sigmund
D:3:      grunt_qazlal_sundering, old_standard_altar, fiery_altar_vehumet,
          minmay_quantized

Table legend:
 A = Turns spent in this place as a percentage of turns spent in the entire game.
 B = Non-inter-level travel turns spent in this place as a percentage of non-inter-level travel turns spent in the entire game.
 C = Inter-level travel turns spent in this place as a percentage of turns spent in this place.
 D = Turns resting spent in this place as a percentage of non-inter-level travel turns spent in this place.
 E = Turns spent auto-exploring this place as a percentage of non-inter-level travel turns spent in this place.
 F = Non-inter-level travel turns spent in this place divided by the number of levels of this place that you've seen.
                   A       B       C       D       E      F
               +-------+-------+-------+-------+-------+----------------------
         Total | 100.0 | 100.0 |   0.3 |   4.1 |  10.3 | 245.7
       Dungeon | 100.0 | 100.0 |   0.3 |   4.1 |  10.3 | 245.7
               +-------+-------+-------+-------+-------+----------------------

Table legend:
 A = Kills in this place as a percentage of kills in entire the game.
 B = Kills by you in this place as a percentage of kills by you in the entire game.
 C = Kills by friends in this place as a percentage of kills by friends in the entire game.
 D = Other kills in this place as a percentage of other kills in the entire game.
 E = Experience gained in this place as a percentage of experience gained in the entire game.
 F = Experience gained in this place divided by the number of levels of this place that you have seen.
                   A       B       C       D       E      F
               +-------+-------+-------+-------+-------+----------------------
         Total | 100.0 | 100.0 | 100.0 |  -nan | 100.0 | 130.0
       Dungeon | 100.0 | 100.0 | 100.0 |  -nan | 100.0 | 130.0
               +-------+-------+-------+-------+-------+----------------------
